TOP OF THE 1ST |
Salt Lake City Buzz batting - Pitching for Sioux Falls Red Pandas : RHP Kenny Koehler
|
Pitching: RHP Kenny Koehler
|
|
Batting: LHB Bob Daugherty
|
0-0: Called Strike 0-1: Ball 1-1: Fly out, F8 (Flyball, 8LM)
|
Batting: RHB Germán Espantoso
|
0-0: Ball 1-0: Called Strike 1-1: Called Strike 1-2: Fly out, F9 (Line Drive, 9D)
|
Batting: RHB Bill Chaundler
|
0-0: Ball 1-0: Ball 2-0: SINGLE (Flyball, 9LS)
|
Batting: LHB Jackson Curry
|
0-0: Ball 1-0: Ball 2-0: Ball 3-0: Base on Balls Bill Chaundler to second
|
Batting: RHB Luo-lang Li
|
0-0: Called Strike 0-1: Fly out, F8 (Flyball, 78S)
|
Top of the 1st over - 0 runs, 1 hit, 0 errors, 2 left on base; Salt Lake City 0 - Sioux Falls 0 |
BOTTOM OF THE 1ST |
Sioux Falls Red Pandas batting - Pitching for Salt Lake City Buzz : LHP Chico Landi
|
Pitching: LHP Chico Landi
|
|
Batting: LHB Jorge Vélez
|
0-0: Ball 1-0: Called Strike 1-1: Foul Ball, location: 2F 1-2: Ball 2-2: Foul Ball, location: 2F 2-2: Strikes out swinging
|
Batting: RHB Wilfred McLaughlin
|
0-0: Ball 1-0: Swinging Strike 1-1: Fly out, F7 (Flyball, 78M)
|
Batting: LHB Richello Mabait
|
0-0: Foul Ball, location: 2F 0-1: Hit by Pitch
|
Batting: RHB Martinus Xhaka
|
0-0: Foul Ball, location: 2F 0-1: Ball 1-1: Ball 2-1: SINGLE (Flyball, 78M) Richello Mabait to second
|
Batting: RHB Steve Irwin
|
0-0: Fly out, F9 (Flyball, 89D)
|
Bottom of the 1st over - 0 runs, 1 hit, 0 errors, 2 left on base; Salt Lake City 0 - Sioux Falls 0 |
TOP OF THE 2ND |
Salt Lake City Buzz batting - Pitching for Sioux Falls Red Pandas : RHP Kenny Koehler
|
Batting: LHB Orlando Casillas
|
0-0: Called Strike 0-1: Foul Ball, location: 2F 0-2: Ball 1-2: Ball 2-2: Foul Ball, location: 2F 2-2: DOUBLE (Line Drive, 89D)
|
Batting: RHB Cooper Lowe
|
0-0: Foul Ball, location: 2F 0-1: Foul Ball, location: 2F 0-2: Ground out 6-3 (Groundball, 6)
|
Batting: RHB Jung-hwan Kwon
|
0-0: Ball Wild Pitch! Orlando Casillas to third 1-0: Foul Ball, location: 2F 1-1: Foul Ball, location: 2F 1-2: Foul Ball, location: 2F 1-2: Foul Ball, location: 2F 1-2: Fly out, F3 (Popup, 34S)
|
Batting: RHB Chan-Wook Park
|
0-0: Ball 1-0: Ball 2-0: Foul Ball, location: 2F 2-1: Foul Ball, location: 2F 2-2: SINGLE (Groundball, 34D) Orlando Casillas scores
|
Batting: LHB Bob Daugherty
|
0-0: Ball 1-0: Called Strike 1-1: Foul Ball, location: 2F 1-2: Ball 2-2: Ball 3-2: Strikes out looking
|
Top of the 2nd over - 1 run, 2 hits, 0 errors, 1 left on base; Salt Lake City 1 - Sioux Falls 0 |
BOTTOM OF THE 2ND |
Sioux Falls Red Pandas batting - Pitching for Salt Lake City Buzz : LHP Chico Landi
|
Now in RF: Yoichibei Chikafuji
|
|
Batting: LHB Tim Waters
|
0-0: Ball 1-0: Fly out, F8 (Flyball, 8RS)
|
Batting: RHB Brad Jacobson
|
0-0: Foul Ball, location: 2F 0-1: Swinging Strike 0-2: Foul Ball, location: 2F 0-2: Ball 1-2: Ground out 5-3 (Groundball, 56)
|
Batting: SHB Kilipaki Malamapono
|
0-0: Ground out 6-3 (Groundball, 6)
|
Bottom of the 2nd over - 0 runs, 0 hits, 0 errors, 0 left on base; Salt Lake City 1 - Sioux Falls 0 |
TOP OF THE 3RD |
Salt Lake City Buzz batting - Pitching for Sioux Falls Red Pandas : RHP Kenny Koehler
|
Batting: RHB Germán Espantoso
|
0-0: Foul Ball, location: 2F 0-1: Ball 1-1: Ball 2-1: Ball 3-1: Foul Ball, location: 2F 3-2: Strikes out swinging
|
Batting: RHB Bill Chaundler
|
0-0: Ball 1-0: DOUBLE (Line Drive, 8LXD)
|
Pitching: RHP Víctor García
|
|
Batting: RHB Yoichibei Chikafuji
|
0-0: Foul Ball, location: 2F 0-1: Ball 1-1: Foul Ball, location: 2F 1-2: Ground out 6-3 (Groundball, 6)
|
Batting: RHB Luo-lang Li
|
0-0: Called Strike 0-1: Foul Ball, location: 2F 0-2: Strikes out swinging
|
Top of the 3rd over - 0 runs, 1 hit, 0 errors, 1 left on base; Salt Lake City 1 - Sioux Falls 0 |
BOTTOM OF THE 3RD |
Sioux Falls Red Pandas batting - Pitching for Salt Lake City Buzz : LHP Chico Landi
|
Batting: LHB Robby Young
|
0-0: Ball 1-0: Ball 2-0: Ground out 6-3 (Groundball, 6)
|
Batting: LHB Jorge Vélez
|
0-0: Ball 1-0: SOLO HOME RUN (Flyball, 9D), Distance : 389 ft
|
Batting: RHB Wilfred McLaughlin
|
0-0: Ball 1-0: Foul Ball, location: 2F 1-1: Ball 2-1: Ball 3-1: Swinging Strike 3-2: Foul Ball, location: 2F 3-2: Strikes out looking
|
Batting: LHB Richello Mabait
|
0-0: Ball 1-0: Ball 2-0: Ball 3-0: Base on Balls
|
Batting: RHB Martinus Xhaka
|
0-0: Called Strike 0-1: SINGLE (Groundball, 6MD) Richello Mabait to second
|
Batting: RHB Steve Irwin
|
0-0: Called Strike 0-1: Ball 1-1: Ball 2-1: Swinging Strike 2-2: Foul Ball, location: 2F 2-2: Ball 3-2: Base on Balls Richello Mabait to third Martinus Xhaka to second
|
Batting: LHB Tim Waters
|
0-0: Called Strike 0-1: Called Strike 0-2: Ball 1-2: Strikes out swinging
|
Bottom of the 3rd over - 1 run, 2 hits, 0 errors, 3 left on base; Salt Lake City 1 - Sioux Falls 1 |
TOP OF THE 4TH |
Salt Lake City Buzz batting - Pitching for Sioux Falls Red Pandas : RHP Víctor García
|
Batting: LHB Orlando Casillas
|
0-0: Called Strike 0-1: Foul Ball, location: 2F 0-2: Ball 1-2: Ball 2-2: Fly out, F7 (Flyball, 78XD)
|
Batting: RHB Cooper Lowe
|
0-0: Ball 1-0: Ball 2-0: Ball 3-0: Called Strike 3-1: Called Strike 3-2: Base on Balls
|
Batting: RHB Jung-hwan Kwon
|
0-0: Ball 1-0: Called Strike 1-1: Ball 2-1: Foul Ball, location: 2F 2-2: Ground out U3 (Groundball, 34) Cooper Lowe to second
|
Batting: RHB Chan-Wook Park
|
0-0: Fly out, F7 (Flyball, 7)
|
Top of the 4th over - 0 runs, 0 hits, 0 errors, 1 left on base; Salt Lake City 1 - Sioux Falls 1 |
BOTTOM OF THE 4TH |
Sioux Falls Red Pandas batting - Pitching for Salt Lake City Buzz : LHP Chico Landi
|
Batting: RHB Brad Jacobson
|
0-0: Ground out 6-3 (Groundball, 6)
|
Batting: SHB Kilipaki Malamapono
|
0-0: Swinging Strike 0-1: Foul Ball, location: 2F 0-2: Foul Ball, location: 2F 0-2: Ball 1-2: Ball 2-2: Strikes out swinging
|
Batting: LHB Robby Young
|
0-0: Ball 1-0: Swinging Strike 1-1: Fly out, F9 (Flyball, 9D)
|
Bottom of the 4th over - 0 runs, 0 hits, 0 errors, 0 left on base; Salt Lake City 1 - Sioux Falls 1 |
TOP OF THE 5TH |
Salt Lake City Buzz batting - Pitching for Sioux Falls Red Pandas : RHP Víctor García
|
Batting: LHB Bob Daugherty
|
0-0: Ball 1-0: Called Strike 1-1: Ground out 5-3 (Groundball, 56S)
|
Batting: RHB Germán Espantoso
|
0-0: SINGLE (Line Drive, 6M)
|
Batting: RHB Bill Chaundler
|
0-0: Called Strike 0-1: Swinging Strike 0-2: Ball 1-2: Strikes out looking
|
Batting: RHB Yoichibei Chikafuji
|
0-0: Called Strike Germán Espantoso steals 2nd base 0-1: Ground out 6-3 (Groundball, 6)
|
Top of the 5th over - 0 runs, 1 hit, 0 errors, 1 left on base; Salt Lake City 1 - Sioux Falls 1 |
BOTTOM OF THE 5TH |
Sioux Falls Red Pandas batting - Pitching for Salt Lake City Buzz : LHP Chico Landi
|
Batting: LHB Jorge Vélez
|
0-0: Ball 1-0: Foul Ball, location: 2F 1-1: Ball 2-1: Called Strike 2-2: Ground out 4-3 (Groundball, 4)
|
Batting: RHB Wilfred McLaughlin
|
0-0: Foul Ball, location: 2F 0-1: Fly out, F9 (Flyball, 9LD)
|
Batting: LHB Richello Mabait
|
0-0: Called Strike 0-1: Fly out, F9 (Line Drive, 89S)
|
Bottom of the 5th over - 0 runs, 0 hits, 0 errors, 0 left on base; Salt Lake City 1 - Sioux Falls 1 |
TOP OF THE 6TH |
Salt Lake City Buzz batting - Pitching for Sioux Falls Red Pandas : RHP Víctor García
|
Batting: RHB Luo-lang Li
|
0-0: Fly out, F3 (Popup, 3L)
|
Batting: LHB Orlando Casillas
|
0-0: Called Strike 0-1: Foul Ball, location: 2F 0-2: Strikes out swinging
|
Batting: RHB Cooper Lowe
|
0-0: Ball 1-0: Fly out, F8 (Flyball, 89M)
|
Top of the 6th over - 0 runs, 0 hits, 0 errors, 0 left on base; Salt Lake City 1 - Sioux Falls 1 |
BOTTOM OF THE 6TH |
Sioux Falls Red Pandas batting - Pitching for Salt Lake City Buzz : LHP Chico Landi
|
Batting: RHB Martinus Xhaka
|
0-0: Ball 1-0: Called Strike 1-1: Called Strike 1-2: Reached on error, E5 (Groundball, 56)
|
Batting: RHB Steve Irwin
|
0-0: Called Strike 0-1: Foul Ball, location: 2F 0-2: Ground out 1-3 (Groundball, 13) Martinus Xhaka to third
|
Batting: LHB Tim Waters
|
0-0: Ball 1-0: Foul Ball, location: 2F 1-1: Ball 2-1: Ball 3-1: Called Strike 3-2: Fly out, F8 (Flyball, 8LXD) Runner from 3rd tags up, SCORES, no throw
|
Batting: RHB Brad Jacobson
|
0-0: Called Strike 0-1: Ball 1-1: Ball 2-1: Foul Ball, location: 2F 2-2: Foul Ball, location: 2F 2-2: Ball 3-2: Fly out, F9 (Flyball, 89M)
|
Bottom of the 6th over - 1 run, 0 hits, 1 error, 0 left on base; Salt Lake City 1 - Sioux Falls 2 |
TOP OF THE 7TH |
Salt Lake City Buzz batting - Pitching for Sioux Falls Red Pandas : RHP Víctor García
|
Batting: RHB Jung-hwan Kwon
|
0-0: Ball 1-0: Foul Ball, location: 2F 1-1: Ball 2-1: Ground out 6-3 (Groundball, 6)
|
Batting: RHB Chan-Wook Park
|
0-0: Fly out, F8 (Flyball, 78D)
|
Batting: LHB Bob Daugherty
|
0-0: Ball 1-0: Ball 2-0: Called Strike 2-1: Ball 3-1: Foul Ball, location: 2F 3-2: Base on Balls
|
Batting: RHB Germán Espantoso
|
0-0: Ball 1-0: Called Strike 1-1: Ball 2-1: Ball 3-1: Swinging Strike 3-2: Base on Balls Bob Daugherty to second
|
Batting: RHB Bill Chaundler
|
0-0: Ball 1-0: Fly out, F5 (Line Drive, 56)
|
Top of the 7th over - 0 runs, 0 hits, 0 errors, 2 left on base; Salt Lake City 1 - Sioux Falls 2 |
BOTTOM OF THE 7TH |
Sioux Falls Red Pandas batting - Pitching for Salt Lake City Buzz : LHP Chico Landi
|
Pitching: LHP Eurauraga Attunga
|
|
Batting: SHB Kilipaki Malamapono
|
0-0: Called Strike 0-1: Ground out 6-3 (Groundball, 6)
|
Batting: LHB Robby Young
|
0-0: Called Strike 0-1: Foul Ball, location: 2F 0-2: Ball 1-2: Strikes out swinging
|
Batting: LHB Jorge Vélez
|
0-0: Swinging Strike 0-1: Ball 1-1: Ball 2-1: Fly out, F7 (Flyball, 78S)
|
Bottom of the 7th over - 0 runs, 0 hits, 0 errors, 0 left on base; Salt Lake City 1 - Sioux Falls 2 |
TOP OF THE 8TH |
Salt Lake City Buzz batting - Pitching for Sioux Falls Red Pandas : RHP Víctor García
|
Now at SS: Barrett Drury
|
|
Batting: RHB Yoichibei Chikafuji
|
0-0: Ball 1-0: Ball 2-0: Ball 3-0: Called Strike 3-1: Ground out 5-3 (Groundball, 5L)
|
Batting: RHB Luo-lang Li
|
0-0: Ball 1-0: Called Strike 1-1: Ground out 6-3 (Groundball, 6)
|
Pitching: RHP Ricardo Gómez
|
|
Batting: LHB Orlando Casillas
|
0-0: Called Strike 0-1: Ground out 4-3 (Groundball, 34)
|
Top of the 8th over - 0 runs, 0 hits, 0 errors, 0 left on base; Salt Lake City 1 - Sioux Falls 2 |
BOTTOM OF THE 8TH |
Sioux Falls Red Pandas batting - Pitching for Salt Lake City Buzz : LHP Eurauraga Attunga
|
Batting: RHB Wilfred McLaughlin
|
0-0: Ball 1-0: Ball 2-0: Reached on error, E5 (Groundball, 56S)
|
Batting: LHB Richello Mabait
|
0-0: Called Strike 0-1: Ball 1-1: Called Strike 1-2: Ball 2-2: Ball 3-2: Foul Ball, location: 2F 3-2: Foul Ball, location: 2F 3-2: Foul Ball, location: 2F 3-2: Foul Ball, location: 2F 3-2: SINGLE (Groundball, 4MD) Wilfred McLaughlin to second
|
Batting: RHB Martinus Xhaka
|
0-0: Grounds into double play, 6-4-3 (Groundball, 6) Wilfred McLaughlin to third
|
Batting: RHB Steve Irwin
|
0-0: Foul Ball, location: 2F 0-1: Called Strike 0-2: Strikes out swinging
|
Bottom of the 8th over - 0 runs, 1 hit, 1 error, 1 left on base; Salt Lake City 1 - Sioux Falls 2 |
TOP OF THE 9TH |
Salt Lake City Buzz batting - Pitching for Sioux Falls Red Pandas : RHP Ricardo Gómez
|
Now at 3B: António Granados
|
|
Batting: RHB Cooper Lowe
|
0-0: Foul Ball, location: 2F 0-1: Foul Ball, location: 2F 0-2: Foul Ball, location: 2F 0-2: Strikes out swinging
|
Batting: RHB Jung-hwan Kwon
|
0-0: Ball 1-0: Foul Ball, location: 2F 1-1: Foul Ball, location: 2F 1-2: Foul Ball, location: 2F 1-2: Ball 2-2: Foul Ball, location: 2F 2-2: Foul Ball, location: 2F 2-2: Fly out, F7 (Flyball, 7D)
|
Batting: RHB Chan-Wook Park
|
0-0: Called Strike 0-1: Called Strike 0-2: Foul Ball, location: 2F 0-2: Foul Ball, location: 2F 0-2: Strikes out swinging
|
Top of the 9th over - 0 runs, 0 hits, 0 errors, 0 left on base; Salt Lake City 1 - Sioux Falls 2 |
|